 Dungeon Crawl Stone Soup version 0.25-a0-566-g062765be81 (webtiles) character file.

Game seed: 5693396666082822017, levelgen mode: deterministic

4212 Flugslaktarn the Cleaver (level 10, -11/96 HPs)
             Began as a Deep Dwarf Fighter on Feb 27, 2020.
             Was a Priest of Makhleb.
             Mangled by an orc warrior
             ... wielding a +0 short sword
              (21 damage)
             ... on level 9 of the Dungeon.
             The game lasted 00:03:23 (4738 turns).

Flugslaktarn the Cleaver (Deep Dwarf Fighter)       Turns: 4738, Time: 00:03:24

Health: -11/96     AC: 11    Str: 30    XL:     10   Next: 9%
Magic:  10/10      EV:  7    Int:  9    God:    Makhleb [***...]
Gold:   369        SH: 11    Dex: 12    Spells: 9/9 levels left

rFire    + + .     SeeInvis .   q - +8 hand axe "Veperoat" {chaos, rF++ Str+7}
rCold    . . .     Gourm    .   c - +0 kite shield
rNeg     . . .     Faith    .   l - +0 chain mail
rPois    +         Spirit   .   (no helmet)
rElec    .         Reflect  .   (no cloak)
rCorr    .         Harm     .   (no gloves)
MR       +....                  p - +0 pair of boots
Stlth    ..........             (no amulet)
HPRegen  0.00/turn              o - ring of poison resistance
MPRegen  0.12/turn              (no ring)

@: non-regenerating
A: damage resistance, heal wounds, sense surroundings 2, no regeneration
a: Heal Wounds, Minor Destruction, Lesser Servant of Makhleb, Renounce Religion


You were on level 9 of the Dungeon.
You worshipped Makhleb.
Makhleb was most pleased with you.
You were not hungry.

You visited 2 branches of the dungeon, and saw 10 of its levels.

You collected 369 gold pieces.

Inventory:

Hand Weapons
 a - a +0 war axe
 m - a +3 hand axe of freezing
   (You took it off an orc on level 4 of the Dungeon)
 q - the +8 hand axe "Veperoat" (weapon) {chaos, rF++ Str+7}
   (You found it on level 5 of the Dungeon)

   Each time it hits an enemy it has a different, random effect.
   It affects your strength (+7).
   It greatly protects you from fire.
Armour
 b - a +0 scale mail
 c - a +0 kite shield (worn)
 l - a +0 chain mail (worn)
   (You found it on level 3 of the Dungeon)
 p - a +0 pair of boots (worn)
   (You found it on level 4 of the Dungeon)
Jewellery
 o - a ring of poison resistance (left hand)
   (You found it on level 4 of the Dungeon)
 x - a +4 ring of dexterity {unknown}
   (You found it on level 7 of the Dungeon)
 A - an uncursed amulet of faith {unknown}
   (You found it on level 7 of the Dungeon)
Scrolls
 g - a scroll of acquirement {unknown}
 h - 4 scrolls of magic mapping
 n - 2 scrolls of remove curse {unknown}
 r - a scroll of fear {unknown}
 s - 2 scrolls of identify {unknown}
 t - a scroll of random uselessness {unknown}
 u - a scroll of teleportation {unknown}
 v - a scroll of enchant weapon
Potions
 d - a potion of might
 f - a potion of stabbing {unknown}
 i - a potion of mutation {unknown}
 j - 4 potions of curing {unknown}
 k - a potion of cancellation {unknown}
 w - 2 potions of heal wounds
 B - a potion of berserk rage {unknown}
Comestibles
 e - 13 rations


   Skills:
 * Level 7.8 Fighting
 * Level 9.0 Axes
 + Level 7.1 Armour
 + Level 6.9 Shields
 + Level 6.3 Invocations


You had 9 spell levels left.
You didn't know any spells.
Your spell library was empty.

Dungeon Overview and Level Annotations

Branches:
Dungeon (9/15)             Temple (1/1) D:4            Lair (0/6) D:8
    Orc (0/2) D:9

Altars:
Cheibriados
Elyvilon
Fedhas
Gozag
Hepliaklqana
Kikubaaqudgha
Makhleb
Nemelex Xobeh
Qazlal
Ru
Sif Muna
Trog
Uskayaw
Vehumet
Xom
Yredelemnul
Zin
The Shining One

Annotations:
D:4 3 runed translucent doors, Flugslaktarn's ghost, amateur FoFi; Wiebster667's ghost, amateur DsHu
D:6 2 transporters


Innate Abilities, Weirdness & Mutations

You are resistant to damage.
You can heal yourself by infusing magical energy.
You passively map the area around you.
You do not regenerate.


Message History

You are too injured to fight recklessly!
You are too injured to fight recklessly!
You are too injured to fight recklessly!
You are too injured to fight recklessly!
You are too injured to fight recklessly!
You are too injured to fight recklessly!
You are too injured to fight recklessly!
You are too injured to fight recklessly!
You are too injured to fight recklessly!
You are too injured to fight recklessly!
You are too injured to fight recklessly!
You are too injured to fight recklessly!
You fail to use your ability.
Something hits you but does no damage. The orc hits you but does no damage.
The orc priest barely misses you.
You completely miss something. You closely miss the orc priest.
You hit the orc.
You kill the orc!
Makhleb accepts your kill.
You feel better. Something hits you!!
You die...

#############... * **
, , ................,,
, , , ,
.......<........ , ,*
, ,,,.........###### *
** ,,* , .........# ,
, ,
,........)##########.*
, ,, ,,
.......n.[..........
,.......o))(.##......
, * ,
......##@{.)##.(..# ,
..o...##...[......##
,, ,
........).))....... ,
, ........))..)[.....
, .........)###......
, , , ...........,
......, , * ,
............ ,..... ,,
, , *...........>.
[.... ,
.[............,....


You could see a necrophage and an orc priest.

Vanquished Creatures
  A hippogriff (D:7)
  Sigmund (D:5)
  A spriggan (D:8)
  A human (D:9)
  A hungry ghost (D:7)
  Grum (D:8)
  Duvessa (D:5)
  5 orc warriors
  3 ice beasts
  4 sky beasts
  2 wolves (D:8)
  A phantom (D:8)
  A centaur (D:7)
  A crocodile (D:8)
  2 bullfrogs
  Dowan (D:5)
  A scorpion (D:9)
  3 wights (D:7)
  2 howler monkeys (D:8)
  3 crimson imps
  A bullfrog zombie (D:5)
  A hound (D:4)
  9 orc wizards
  A bullfrog skeleton (D:4)
  A gnoll shaman (D:4)
  6 orc priests
  2 iguanas (D:4)
  A jelly (D:7)
  7 worker ants
  2 hound zombies
  A hound skeleton (D:7)
  2 worker ant zombies (D:8)
  13 gnolls
  5 adders
  2 shadow imps (D:7)
  An adder skeleton (D:4)
  A worm (D:5)
  A dart slug (D:4)
  2 leopard geckos
  45 orcs
  2 bats (D:3)
  3 giant cockroaches
  4 hobgoblins
  4 jackals
  2 quokkas (D:6)
  2 ball pythons (D:4)
  6 frilled lizards
  2 goblins
  3 kobolds
  A quokka skeleton (D:7)
  A rat (D:2)
170 creatures vanquished.

Vanquished Creatures (others)
  An orc warrior (D:9)
  An ogre (D:5)
  An orc wizard (D:5)
  An orc (D:5)
  A frilled lizard (D:5)
  5 fungi (D:8)
  7 plants
17 creatures vanquished.

Grand Total: 187 creatures vanquished

Notes
Turn   | Place    | Note
-------+----------+-------------------------------------------
     0 | D:1      | Flugslaktarn the Deep Dwarf Fighter began the quest for the
                  | Orb.
     0 | D:1      | Reached XP level 1. HP: 20/20 MP: 1/1
   278 | D:2      | Reached XP level 2. HP: 27/27 MP: 2/2
   464 | D:3      | Reached XP level 3. HP: 25/34 MP: 3/3
   516 | D:4      | Reached skill level 3 in Axes
   521 | D:4      | Reached XP level 4. HP: 26/42 MP: 4/4
   618 | D:4      | Reached XP level 5. HP: 29/50 MP: 5/5
   642 | D:4      | Reached skill level 4 in Axes
   697 | D:4      | Found a staircase to the Ecumenical Temple.
   741 | D:4      | Reached XP level 6. HP: 28/57 MP: 6/6
   766 | Temple   | Entered the Ecumenical Temple
   797 | Temple   | Became a worshipper of Makhleb the Destroyer
   854 | D:4      | Found a runed translucent gate.
   854 | D:4      | Found a runed translucent gate.
   855 | D:4      | Found a runed translucent gate.
   855 | D:4      | Noticed Wiebster667's ghost (amateur DsHu)
   855 | D:4      | Noticed Flugslaktarn's ghost (amateur FoFi)
  1113 | D:4      | Found a blossoming altar of Fedhas.
  1229 | D:5      | Entered Level 5 of the Dungeon
  1339 | D:5      | Reached skill level 1 in Invocations
  1421 | D:5      | Noticed a sky beast
  1431 | D:5      | Killed a sky beast
  1431 | D:5      | Reached skill level 5 in Axes
  1461 | D:5      | Noticed Sigmund
  1475 | D:5      | Killed Sigmund
  1475 | D:5      | Reached XP level 7. HP: 30/66 MP: 7/7
  1514 | D:5      | Reached * piety under Makhleb
  1532 | D:5      | Reached skill level 5 in Fighting
  1662 | D:5      | Got a polished hand axe
  1663 | D:5      | Identified the +8 hand axe "Veperoat" {chaos, rF++ Str+7}
                  | (You found it on level 5 of the Dungeon)
  1703 | D:5      | Noticed Dowan
  1703 | D:5      | Noticed Duvessa
  1714 | D:5      | Killed Duvessa
  1714 | D:5      | Killed Dowan
  1714 | D:5      | Reached skill level 5 in Armour
  1714 | D:5      | Reached skill level 5 in Shields
  2068 | D:5      | Reached skill level 6 in Axes
  2068 | D:5      | Reached XP level 8. HP: 48/75 MP: 9/9
  3180 | D:6      | Found a transporter.
  3181 | D:6      | Found a transporter.
  3182 | D:6      | Identified the cursed +0 ring mail of Qubaj {rElec}
  3182 | D:6      | Identified the +0 kite shield "Vyejoun" {rN+}
  3290 | D:7      | Noticed a hippogriff
  3302 | D:7      | Killed a hippogriff
  3302 | D:7      | Reached skill level 7 in Axes
  3616 | D:7      | Gained mutation: You passively map the area around you.
                  | [Deep Dwarf growth]
  3616 | D:7      | Reached XP level 9. HP: 66/85 MP: 11/11
  3981 | D:8      | Reached skill level 5 in Invocations
  4008 | D:8      | Reached ** piety under Makhleb
  4030 | D:8      | Reached skill level 8 in Axes
  4248 | D:8      | Found a staircase to the Lair.
  4249 | D:8      | Noticed Grum
  4269 | D:8      | Killed Grum
  4680 | D:9      | Reached XP level 10. HP: 79/96 MP: 11/11
  4693 | D:9      | Found a staircase to the Orcish Mines.
  4701 | D:9      | Reached *** piety under Makhleb
  4707 | D:9      | Reached skill level 9 in Axes
  4738 | D:9      | Mangled by an orc warrior

Levels and vault maps discovered:
D:1:      shiori_angband_town, layout_basic, serial_glass, glass_columns_b,
          glass_columns_b, glass_columns_c, glass_columns_c
D:2:      layout_rooms, uniq_jessica
D:3:      layout_loops_corners, elyvilon_altar_3
D:4:      layout_basic, kennysheep_little_box, temple_green, first_ration,
          gammafunk_ghost_cemetery
D:5:      layout_basic, lemuel_flamethrower_2, uniq_duvessa, uniq_sigmund
D:6:      layout_layer_cave, serial_rivers, chequers_serial_rivers_room_b,
          chequers_serial_rivers_small_a, chequers_serial_rivers_micro_b,
          chequers_serial_rivers_micro_e, chequers_serial_rivers_micro_e,
          chequers_serial_rivers_marsh, gammafunk_ghost_gnarly_gnolls,
          minivault_26
D:7:      layout_basic
D:8:      layout_loops_ring, dpeg_oklobed_lair, the_bakery, uniq_grum
D:9:      layout_long_grid, erik_orc_4, uniq_maurice
Temple:   nicolae_temple_the_god_donut

Skill      XL: |  1  2  3  4  5  6  7  8  9 10 |
---------------+-------------------------------+-----
Fighting       | 3 4 5 6 7 |  7.8
Axes           | 3 4 5 6 7 8 9 |  9.0
Armour         | 4 5 6 7 |  7.1
Shields        | 4 5 6 |  6.9
Invocations    | 2 3 4 6 |  6.3

Action                   |  1- 3 |  4- 6 |  7- 9 | 10-12 || total
-------------------------+-------+-------+-------+-------++-------
Melee: War axe           |    61 |    24 |       |       ||    85
       Hand axe          |       |   108 |   262 |    40 ||   410
 Abil: Heal Wounds       |       |     5 |     6 |     2 ||    13
  Use: Scroll            |       |     3 |       |       ||     3
 Stab: Confused          |       |       |     2 |       ||     2
       Paralysed         |       |       |     1 |       ||     1
  Eat: Chunk             |       |     2 |    13 |     1 ||    16
Armor: Scale mail        |    16 |       |       |       ||    16
       Chain mail        |    26 |    57 |    97 |    22 ||   202
Dodge: Dodged            |    33 |    35 |    49 |     9 ||   126
Block: Kite shield       |    52 |    57 |   113 |    23 ||   245

Table legend:
 A = Non-vault XP
 B = Vault XP
 C = Vault XP percentage of total XP
 D = Non-vault monster count
 E = Vault monster count
 F = Vault count percentage of total count
                 A         B        C        D         E       F
            +---------+---------+-------+---------+---------+-------
      Total |    4263 |    1755 |  29.2 |     148 |      23 |  13.5
            +---------+---------+-------+---------+---------+-------
        D:1 |       4 |       0 |   0.0 |       3 |       0 |   0.0
        D:2 |      13 |       0 |   0.0 |       8 |       0 |   0.0
        D:3 |      25 |       0 |   0.0 |      11 |       0 |   0.0
        D:4 |     417 |       0 |   0.0 |      27 |       0 |   0.0
        D:5 |     747 |     438 |  37.0 |      29 |       3 |   9.4
        D:6 |     290 |       0 |   0.0 |      10 |       0 |   0.0
        D:7 |    1266 |       0 |   0.0 |      20 |       0 |   0.0
        D:8 |    1208 |     631 |  34.3 |      27 |       4 |  12.9
        D:9 |     293 |     686 |  70.1 |      13 |      16 |  55.2
            +---------+---------+-------+---------+---------+-------
